 Dungeon Crawl Stone Soup version 0.16.1-29-g3e760ad (webtiles) character file.

2400 Simboubou the Grappler (level 9, -5/92 HPs)
             Began as a Troll Monk on June 8, 2015.
             Was a Believer of Yredelemnul.
             Slain by a goliath beetle (13 damage)
             ... on level 7 of the Dungeon.
             The game lasted 00:34:41 (6410 turns).

Simboubou the Grappler (Troll Monk)                 Turns: 6410, Time: 00:34:41

Health: -5/92      AC:  5    Str: 21    XL:     9   Next: 23%
Magic:  4/4        EV: 11    Int:  6    God:    Yredelemnul [**....]
Gold:   221        SH:  0    Dex: 15    Spells: 0 memorised, 8 levels left

rFire  + + .     SeeInvis +       - Unarmed
rCold  . . .     Clarity  .     w - +0 robe
rNeg   . . .     SustAb   .     (shield restricted)
rPois  +         Gourm    +     (helmet restricted)
rElec  +         Spirit   .     (no cloak)
rCorr  +         Warding  .     (gloves unavailable)
rMut   .         Stasis   .     (boots unavailable)
MR     .....                    (no amulet)
Stlth  ++........               H - ring of see invisible
                                g - ring of fire

@: lethally poisoned (-5 -> -6), resistant, not resistant to hostile
enchantments, unstealthy
A: unfitting armour, claws 3, fast metabolism 3, gourmand, regeneration 2,
shaggy fur 1, tough skin 2
a: Animate Remains, Recall Undead Slaves, Injury Mirror, Renounce Religion


You were on level 7 of the Dungeon.
You worshipped Yredelemnul.
Yredelemnul was pleased with you.
You were not hungry.

You visited 2 branches of the dungeon, and saw 8 of its levels.

You collected 221 gold pieces.

Inventory:

Hand weapons
 b - a +5 dagger
 c - a +0 giant spiked club
 E - a +3 short sword
 G - a +4 dagger of venom
 J - a +0 giant club
 P - a +0 shortbow
Missiles
 i - 24 stones (quivered)
 Q - 16 arrows
Armour
 w - a +0 robe (worn)
Magical staves
 D - a cursed staff of poison {unknown}
Jewellery
 g - a ring of fire (left claw)
 y - an uncursed ring of sustain abilities
 H - a ring of see invisible (right claw)
Magical devices
 h - a wand of magic darts (17)
 v - a wand of cold (8)
 z - a wand of lightning (7)
 O - a wand of frost (23)
Scrolls
 m - 2 scrolls of recharging {unknown}
 n - a scroll of fear {unknown}
 p - a scroll of enchant weapon {unknown}
 u - a scroll of enchant armour {unknown}
 C - 2 scrolls of identify
 F - a scroll of remove curse
 I - a scroll of random uselessness {unknown}
 M - a scroll of magic mapping {unknown}
Potions
 d - 2 potions of agility
 f - a potion of lignification
 l - a potion of haste
 q - a potion of poison
 r - 2 potions of berserk rage {unknown}
 t - 2 potions of cure mutation
 x - a potion of cancellation {unknown}
 A - 2 potions of restore abilities
 B - a potion of brilliance {unknown}
 K - a potion of curing {unknown}
 L - a potion of magic {unknown}
 N - a potion of ambrosia {unknown}
Books
 o - a book of the Tempests

   Spells                             Type                      Level
   a - Static Discharge               Conjuration/Air              3
   b - Lightning Bolt                 Conjuration/Air              5
   c - Fireball                       Conjuration/Fire             5
   d - Tornado                        Air                          9
   e - Shatter                        Earth                        9
Comestibles
 a - 2 royal jellies
 k - 4 meat rations


   Skills:
 + Level 6.4 Fighting
 - Level 2.5 Dodging
 - Level 1.2 Stealth
 * Level 10.8 Unarmed Combat


You had 8 spell levels left.
You didn't know any spells.

Dungeon Overview and Level Annotations

Branches:
Dungeon (7/15)             Temple (1/1) D:5

Altars:
Ashenzari
Cheibriados
Dithmenos
Elyvilon
Fedhas
Gozag
Kikubaaqudgha
Nemelex Xobeh
Okawaru
Qazlal
Ru
Sif Muna
Trog
Vehumet
Yredelemnul
Zin
The Shining One

Annotations:
D:7 Joseph


Innate Abilities, Weirdness & Mutations

You are too large for most types of armour.
You have claws for hands.
Your metabolism is lightning-fast.
You like to eat raw meat.
You heal very quickly.
You are covered in fur (AC +1).
You have very tough skin (AC +2).


Message History

* * * LOW HITPOINT WARNING * * *
The centaur skeleton hits you.
* * * LOW HITPOINT WARNING * * *
Joseph shoots a sling bullet.
The sling bullet barely misses you.
You see here a sling bullet.
You mangle the centaur skeleton!!
You feel sick. The centaur skeleton hits you.
* * * LOW HITPOINT WARNING * * *
You scratch the centaur skeleton but do no damage.
Joseph shoots a sling bullet.
The sling bullet hits you.
* * * LOW HITPOINT WARNING * * *
The centaur skeleton hits you.
* * * LOW HITPOINT WARNING * * *
You claw the centaur skeleton!
You destroy the centaur skeleton!
You feel protected.
You feel sick.
You barely miss the goliath beetle. The rat bites you but does no damage.
The goliath beetle bites you!
You die...
Your body rises from the dead as a mindless zombie.

..# ... # #.#
#.## #. #.# .....
( #.###.###.#.#
#.............#
#.##.#.#@#.#####.
#....()(........
#.##B#)#...######
#@r...###
###...%# ####.#
... ...# ... .


You could see Joseph, a goliath beetle and a rat.

Vanquished Creatures
  The ghost of Scuka the Basher, an experienced GrFi of the Shining One (D:6)
  4 ogres
  2 sky beasts (D:5)
  2 phantoms
  3 centaurs
  A giant frog (D:6)
  A scorpion (D:5)
  An electric eel (D:6)
  A jelly (D:6)
  2 crimson imps
  2 goliath beetles (D:6)
  2 hounds (D:4)
  A centaur skeleton (D:7)
  An orc priest (D:7)
  An iguana (D:5)
  Natasha (thrice) (D:3)
  7 worker ants
  Ijyb (D:4)
  A hound skeleton (D:4)
  Robin (D:3)
  8 gnolls
  10 adders
  2 shadow imps
  A worm (D:5)
  8 giant geckos
  6 orcs
  A ball python (D:4)
  8 giant cockroaches
  13 hobgoblins
  7 kobolds
  2 quokkas
  8 bats
  A giant cockroach zombie (D:4)
  3 giant newts
  2 gnoll zombies (D:6)
  18 goblins
  3 jackals (D:2)
  17 rats
  A plant (D:6)
157 creatures vanquished.

Vanquished Creatures (collateral kills)
  A giant gecko (D:6)
1 creature vanquished.

Vanquished Creatures (others)
  An orc wizard (D:3)
  A giant gecko zombie (D:6)
2 creatures vanquished.

Grand Total: 160 creatures vanquished

Notes
Turn   | Place    | Note
--------------------------------------------------------------
     0 | D:1      | Simboubou, the Troll Monk, began the quest for the Orb.
     0 | D:1      | Reached XP level 1. HP: 22/22 MP: 1/1
   233 | D:1      | Reached XP level 2. HP: 27/29 MP: 1/1
   989 | D:2      | Reached XP level 3. HP: 36/36 MP: 2/2
  1025 | D:2      | Found an ancient bone altar of Kikubaaqudgha.
  1027 | D:2      | Found a blossoming altar of Fedhas.
  1325 | D:2      | Reached skill level 5 in Unarmed Combat
  1485 | D:3      | Found a deep blue altar of Sif Muna.
  1485 | D:3      | Found an iron altar of Okawaru.
  1485 | D:3      | Found a stormy altar of Qazlal.
  1488 | D:3      | Noticed Natasha
  1504 | D:3      | Killed Natasha
  1504 | D:3      | Reached XP level 4. HP: 7/45 MP: 2/2
  1520 | D:3      | Noticed Natasha
  1533 | D:3      | Killed Natasha
  1682 | D:3      | Noticed Natasha
  1702 | D:3      | Killed Natasha
  1882 | D:3      | Reached XP level 5. HP: 53/53 MP: 2/2
  2010 | D:3      | Noticed Robin
  2052 | D:3      | Killed Robin
  2293 | D:4      | Noticed a phantom
  2333 | D:4      | Reached skill level 6 in Unarmed Combat
  2515 | D:4      | Killed a phantom
  2515 | D:4      | Reached XP level 6. HP: 52/62 MP: 3/3
  3064 | D:5      | Entered Level 5 of the Dungeon
  3355 | D:4      | Reached skill level 7 in Unarmed Combat
  3355 | D:4      | Reached XP level 7. HP: 70/70 MP: 3/3
  3419 | D:4      | Noticed Ijyb
  3433 | D:4      | Killed Ijyb
  3484 | D:4      | Noticed an ogre
  3495 | D:4      | Killed an ogre
  3864 | D:5      | Reached skill level 8 in Unarmed Combat
  3999 | D:5      | Found a staircase to the Ecumenical Temple.
  4027 | D:5      | Found a sparkling altar of Nemelex Xobeh.
  4087 | Temple   | Entered the Ecumenical Temple
  4444 | D:5      | Found a shadowy altar of Dithmenos.
  4449 | D:5      | Reached skill level 5 in Fighting
  4449 | D:5      | Reached XP level 8. HP: 73/80 MP: 3/3
  4450 | D:5      | Found a bloodstained altar of Trog.
  4814 | D:5      | Reached skill level 9 in Unarmed Combat
  5299 | D:6      | Found a sacrificial altar of Ru.
  5332 | D:6      | Noticed Scuka's ghost (experienced GrFi)
  5692 | D:6      | Killed Scuka's ghost
  5692 | D:6      | Reached skill level 10 in Unarmed Combat
  5692 | D:6      | Reached XP level 9. HP: 47/89 MP: 4/4
  5854 | D:6      | Found a sparkling altar of Nemelex Xobeh.
  5964 | D:6      | Found a basalt altar of Yredelemnul.
  6036 | D:6      | Became a worshipper of Yredelemnul the Dark
  6036 | D:6      | Acquired Yredelemnul's first power
  6036 | D:6      | Acquired Yredelemnul's second power
  6392 | D:7      | Noticed Joseph
  6410 | D:7      | Slain by a goliath beetle

Action                   |  1- 3 |  4- 6 |  7- 9 || total
-------------------------+-------+-------+-------++-------
Melee: Unarmed           |   114 |    31 |   176 ||   321
       Dagger            |       |   172 |     6 ||   178
       Giant spiked club |       |       |    15 ||    15
 Fire: Shortbow          |       |       |    30 ||    30
Throw: Stone             |    22 |    58 |    39 ||   119
Invok: Animate Remains   |       |       |     3 ||     3
  Use: Scroll            |     3 |     5 |     1 ||     9
       Potion            |       |     1 |     1 ||     2
 Stab: Sleeping          |       |     1 |     1 ||     2
  Eat: Bread ration      |     2 |     2 |       ||     4
       Beef jerky        |     1 |       |     1 ||     2
       Chunk             |     4 |     7 |    14 ||    25
       Meat ration       |       |       |     2 ||     2
       Royal jelly       |       |       |     1 ||     1
